 Dungeon Crawl Stone Soup version 0.30-a0-1160-g6e42c06551 (webtiles) character file.

Game seed: 15130410425948937615

54422 CoinPitGoblin the Crack Shot (level 14, -2/61 HPs)
             Began as a Spriggan Hunter on Apr 2, 2023.
             Was a High Priest of Dithmenos.
             Succumbed to Nessos's poison
             ... on level 13 of the Dungeon on Apr 26, 2023.
             The game lasted 01:12:52 (23005 turns).

CoinPitGoblin the Crack Shot (Spriggan Hunter)     Turns: 23005, Time: 01:12:53

Health: -2/61      AC:  6    Str:  7    XL:     14   Next: 34%
Magic:  15/15      EV: 43    Int: 11    God:    Dithmenos [*****.]
Gold:   947        SH:  0    Dex: 26    Spells: 13/13 levels left

rFire   . . .        b - +4 shortbow (elec)
rCold   . . .        (shield currently unavailable)
rNeg    + . .        B - +0 steam dragon scales
rPois   .            (helmet restricted)
rElec   .            G - +0 cloak
rCorr   .            (gloves unavailable)
SInv    +            (boots unavailable)
Will    ++...        O - amulet "Ashitt" {RegenMP Dex+3}
Stlth   ++++         o - +5 ring of evasion
HPRegen 0.30/turn    y - ring of positive energy
MPRegen 0.54/turn

%: no passive effects
@: lethally poisoned (-2 -> -10), wreathed by umbra, very quick
A: very small, no large weapons, unfitting armour, see invisible, speed 3
a: Renounce Religion, Shadow Step, Shadow Form


You were on level 13 of the Dungeon.
You worshipped Dithmenos.
Dithmenos was extremely pleased with you.
You visited 4 branches of the dungeon, and saw 21 of its levels.
You also visited: Ice Cave.

You collected 947 gold pieces.

Inventory:

Hand Weapons
 a - the +1 quarterstaff "Vetal" {holy, rCorr Int+2 Stlth+}
   (You found it on level 3 of the Lair of Beasts)

   Int:       It affects your intelligence (+2).
   rCorr:     It protects you from acid and corrosion.
   Stlth:     It makes you more stealthy.
 b - a +4 shortbow of electrocution (weapon)
 j - a +1 short sword of holy wrath
 Q - a +2 rapier of draining
Missiles
 z - 4 throwing nets
Armour
 s - a +0 troll leather armour
 B - +0 steam dragon scales (worn)
 G - a +0 cloak (worn)
Magical Staves
 I - a staff of death
 W - a staff of fire
Jewellery
 i - a ring of fire
 o - a +5 ring of evasion (left hand)
 y - a ring of positive energy (right hand)
 O - the amulet "Ashitt" (around neck) {RegenMP Dex+3}
   (You found it on level 1 of the Lair of Beasts)

   [amulet of magic regeneration]

   It increases your rate of magic regeneration.
   Dex:       It affects your dexterity (+3).
 P - a ring of magical power
 R - a +6 ring of intelligence
 V - the amulet of Egileyt {Faith rN+}
   (You found it in an ice cave)

   [amulet of faith]

   It allows you to gain divine favour quickly.
   rN:        It protects you from negative energy.
 Z - a ring of protection from cold
Wands
 c - a wand of charming (21)
 e - a wand of quicksilver (5)
 C - a wand of mindburst (23)
 F - a wand of polymorph (7)
 U - a wand of roots (6)
 X - a wand of flame (7)
Scrolls
 g - 6 scrolls of enchant armour
 m - 3 scrolls of immolation
 n - a scroll of vulnerability
 u - a scroll of poison
 w - 6 scrolls of teleportation
 x - a scroll of silence
 D - 2 scrolls of fear
 N - a scroll of torment
 T - a scroll of brand weapon
 Y - a scroll of enchant weapon
Potions
 d - 11 potions of curing
 f - 3 potions of haste
 h - 6 potions of mutation
 k - 3 potions of lignification
 l - 4 potions of cancellation
 p - 4 potions of flight
 q - a potion of resistance
 r - 4 potions of degeneration
 t - a potion of magic
 A - a potion of might
 E - 4 potions of berserk rage
 H - 6 potions of ambrosia
 J - 2 potions of invisibility
 K - 4 potions of brilliance {unknown}
 M - a potion of heal wounds
Miscellaneous
 L - a lightning rod (4/4)


   Skills:
 - Level 1.5 Fighting
 + Level 21.2 Ranged Weapons
 * Level 17.6 Dodging
 - Level 1.5 Stealth


You had 13 spell levels left.
You didn't know any spells.
Your spell library contained the following spells:

 Spells                   Type           Power      Damage    Failure   Level
 Freeze                   Ice            0%         1d3       34%         1
 Magic Dart               Conj           0%         1d3       34%         1
 Cigotuvi's Dreadful Rot  Necr/Pois/Air  0%         N/A       47%         2
 Lesser Beckoning         Tloc           0%         N/A       47%         2
 Scorch                   Fire           0%         2d5       47%         2
 Searing Ray              Conj           0%         2d4       47%         2
 Frozen Ramparts          Ice            0%         1d1       71%         3
 Gell's Gravitas          Tloc           0%         N/A       71%         3
 Hailstorm                Conj/Ice       0%         3d3       71%         3
 Spider Form              Tmut/Pois      0%         N/A       71%         3
 Teleport Other           Tloc           0%         N/A       71%         3
 Tukima's Dance           Hex            0%         N/A       71%         3
 Dispel Undead            Necr           0%         3d6       98%         4
 Flame Wave               Conj/Fire      0%         2d4       98%         4
 Fulminant Prism          Conj/Hex       0%         3d5       98%         4
 Passage of Golubria      Tloc           0%         N/A       98%         4
 Alistair's Intoxication  Tmut/Pois      0%         N/A       100%        5
 Iskenderun's Battlesphe  Conj           0%         2d6       100%        5
 Silence                  Hex/Air        0%         N/A       100%        5
 Yara's Violent Unravell  Hex/Tmut       0%         3d3       100%        5
 Death Channel            Necr           0%         N/A       100%        6
 Iron Shot                Conj/Erth      0%         9d1       100%        6
 Summon Cactus Giant      Summ           0%         N/A       100%        6
 Spellforged Servitor     Conj/Summ      0%         N/A       100%        7


Dungeon Overview and Level Annotations

Branches:
Dungeon (14/15) Temple (1/1) D:4 Lair (5/5) D:11 Swamp (0/4) Lair:2 Snake (1/4) Lair:3 Slime (0/5) Lair:4 Orc (0/2) D:10 Vaults (0/5) D:13 D:14 IceCv (visited)

Altars:
Ashenzari
Cheibriados
Dithmenos
Elyvilon
Fedhas
Gozag
Hepliaklqana
Kikubaaqudgha
Makhleb
Nemelex Xobeh
Okawaru
Qazlal
Ru
Sif Muna
Trog
Uskayaw
Vehumet
Wu Jian
Xom
Yredelemnul
Zin
The Shining One
Lugonu

Shops:
D:3 *   D:8 (   D:11 ?

Portals:
Abyss: Lair:5

Annotations:
D:13 3 runed translucent doors
D:14 Kirke, Nessos
Lair:1 2 transporters


Innate Abilities, Weirdness & Mutations

You are very small and have problems with some larger weapons.
You are too small for most types of armour.
You have supernaturally acute eyesight. (SInv)
You cover ground extremely quickly. (Speed+++)


Message History

An orc warlord comes into view. It is wielding a +0 battleaxe.
The orc warlord shouts!
A tengu conjurer comes into view.
You shoot an arrow.
The human shouts! x2; The tengu conjurer shouts!
The arrow hits the orc warlord but does no damage.
The tengu conjurer gestures wildly while chanting.
You hear a horrible gurgling sound!
Nessos shouts!
Nessos wields a +1 longbow of flaming.
It bursts into flame!
Nessos shoots an arrow.
The arrow misses you.
Nessos shoots an arrow.
The arrow completely misses you.
There is a stone staircase leading up, spattered with blood here.
You shoot an arrow. The arrow barely misses Nessos.
Nessos shoots an arrow.
The arrow completely misses you.
You shoot an arrow. The arrow hits Nessos.
Lightning courses through Nessos!!
Nessos is moderately wounded.
You shoot an arrow. The arrow hits Nessos.
Nessos is moderately wounded.
Nessos shoots an arrow.
The arrow completely misses you.
You shoot an arrow. The arrow hits Nessos.
Nessos is moderately wounded.
Nessos shoots an arrow.
The arrow hits you!! The arrow burns you!
You are poisoned.
You shoot an arrow.
The arrow hits Nessos but does no damage.
Lightning courses through Nessos!!
Nessos is heavily wounded.
You feel very sick.
Nessos casts a spell.
Nessos blinks!
You feel very sick.
Nessos shoots an arrow.
The arrow completely misses you.
Nessos shoots an arrow.
The arrow hits you!!
* * * LOW HITPOINT WARNING * * *
You emit a cloud of dark smoke.
The arrow burns you.
* * * LOW HITPOINT WARNING * * *
You climb upwards.
The battlesphere dissipates.
Level annotation: 3 runed translucent doors You die...

.# ##...<...................## ##
#..............#####......# #
##..............# #......# #
#...............# #..####. ##
##.#.............# ##..# ##
.####..#.............# #..## #
.....................# ##..# #
..####...............###..#######
................@.......)........
.......................##........
............<..).....#####..####.
...####...........^..# #..# ##
..## #..............# ##.## ##
...# ##............## #..###.
#p.######...........## #..##..
##p..................## #.....#
#u.......#........#..#####....##


There were no monsters in sight!

Vanquished Creatures
  Rupert (D:13)
  2 hydras
  3 two-headed ogres
  A boulder beetle (D:13)
  2 centaur warriors
  2 thrashing horrors (Lair:5)
  A skyshark (Lair:4)
  A fire crab (Lair:5)
  A deep elf pyromancer (D:13)
  2 oklob plants (Lair:4)
  8 ugly things
  2 cyclopes (D:11)
  4 black mambas
  21 elephants
  2 gargoyles
  A torpor snail (Lair:4)
  Maurice (D:11)
  10 cane toads
  Maggie (D:7)
  A kobold demonologist (D:10)
  A rime drake (Lair:5)
  A yaktaur (shapeshifter) (Lair:5)
  2 ancient zymes (Lair:5)
  3 komodo dragons
  A troll (shapeshifter) (Lair:5)
  2 trolls
  A queen bee (Lair:3)
  2 polar bears (Lair:2)
  Grinder (D:3)
  Prince Ribbit (D:6)
  20 blink frogs
  8 dream sheep (Lair:4)
  Sigmund (D:5)
  A vampire (D:9)
  2 ynoxinuls (Lair:5)
  6 wyverns
  25 yaks
  4 fire bats (D:9)
  3 wraiths
  6 humans
  5 large abominations (Lair:5)
  11 basilisks
  2 chaos spawn (Lair:5)
  7 vampire mosquitoes
  3 steam dragons
  3 acid dragons
  A hell hound (D:9)
  10 water moccasins
  9 small abominations (Lair:5)
  Duvessa (D:7)
  2 black bears
  2 ogres (D:8)
  10 wolves
  8 centaurs
  8 kobold brigands
  2 gnoll sergeants
  3 scorpions
  8 bullfrogs
  A two-headed ogre simulacrum (D:13)
  A cane toad simulacrum (IceCv)
  3 wights
  Dowan (D:7)
  30 killer bees
  3 electric eels
  6 howler monkeys
  2 jellies (D:4)
  4 gnoll boudas
  3 hounds
  3 orc priests
  A sleepcap (D:8)
  3 iguanas
  7 orc wizards
  3 troll simulacra (D:13)
  A spriggan simulacrum (D:13)
  Terence (D:3)
  A wolf simulacrum (IceCv)
  26 gnolls
  5 adders
  3 naga simulacra (D:13)
  A white imp (D:8)
  An ufetubus (D:7)
  2 worms
  4 dart slugs
  18 orcs
  6 endoplasms
  4 giant cockroaches
  4 goblins
  7 hobgoblins
  2 jackals (D:3)
  5 quokkas
  5 ball pythons
  7 bats
  6 frilled lizards
  29 kobolds
  4 rats
466 creatures vanquished.

Vanquished Creatures (others)
  Eustachio (D:5)
  22 fungi
  22 plants
45 creatures vanquished.

Grand Total: 511 creatures vanquished

Notes
Turn   | Place    | Note
-------+----------+-------------------------------------------
     0 | D:1      | CoinPitGoblin the Spriggan Hunter began the quest for the
                  | Orb.
     0 | D:1      | Reached XP level 1. HP: 10/10 MP: 2/2
   309 | D:1      | Reached XP level 2. HP: 14/14 MP: 3/3
  1118 | D:2      | Reached XP level 3. HP: 17/18 MP: 4/4
  1143 | D:2      | Reached skill level 5 in Dodging
  1752 | D:3      | Found Zin's Purification Station.
  1756 | D:3      | Found a glowing silver altar of Zin.
  1913 | D:3      | Reached XP level 4. HP: 22/22 MP: 5/5
  2119 | D:3      | Noticed Terence
  2134 | D:3      | Killed Terence
  2144 | D:3      | Found a blossoming altar of Fedhas.
  2154 | D:3      | Found a stormy altar of Qazlal.
  2202 | D:3      | Noticed Grinder
  2218 | D:3      | Paralysed by Grinder for 2 turns
  2227 | D:3      | Paralysed by Grinder for 3 turns
  2230 | D:3      | Killed Grinder
  2231 | D:3      | Reached skill level 5 in Ranged Weapons
  2231 | D:3      | Reached XP level 5. HP: 15/25 MP: 6/6
  2231 | D:3      | Reached XP level 6. HP: 18/30 MP: 7/7
  3105 | D:4      | Found a staircase to the Ecumenical Temple.
  3134 | D:4      | Reached skill level 6 in Ranged Weapons
  3146 | Temple   | Entered the Ecumenical Temple
  3457 | D:4      | Reached XP level 7. HP: 33/33 MP: 8/8
  3645 | D:5      | Entered Level 5 of the Dungeon
  3892 | D:5      | Reached skill level 7 in Ranged Weapons
  3971 | D:5      | Noticed Sigmund
  3980 | D:5      | Killed Sigmund
  4091 | D:5      | Noticed Eustachio
  4313 | D:5      | Reached skill level 8 in Ranged Weapons
  4660 | D:5      | Killed Eustachio
  4661 | D:5      | Reached XP level 8. HP: 22/37 MP: 9/9
  5239 | D:6      | Reached skill level 9 in Ranged Weapons
  5283 | D:6      | Noticed Prince Ribbit
  5400 | D:6      | Killed Prince Ribbit
  6087 | D:6      | Upgraded the game from 0.30-a0-986-g7f2e898f52 to
                  | 0.30-a0-1082-g70414cbcbb
  6088 | D:7      | Noticed Maggie
  6094 | D:7      | Noticed Duvessa
  6094 | D:7      | Noticed Dowan
  6207 | D:6      | Upgraded the game from 0.30-a0-1082-g70414cbcbb to
                  | 0.30-a0-1160-g6e42c06551
  6381 | D:6      | Reached skill level 10 in Ranged Weapons
  6619 | D:7      | Reached XP level 9. HP: 41/41 MP: 10/10
  7216 | D:7      | Reached skill level 11 in Ranged Weapons
  7242 | D:7      | Found an iron altar of Okawaru.
  7330 | D:7      | Killed Duvessa
  7357 | D:7      | Killed Dowan
  7577 | D:7      | Killed Maggie
  8036 | D:8      | Found a white marble altar of Elyvilon.
  8111 | D:8      | Reached skill level 12 in Ranged Weapons
  8174 | D:8      | Reached skill level 10 in Dodging
  8444 | D:8      | Found Lekomost's Antique Weapon Shop.
  8683 | D:8      | Found a hazy altar of Hepliaklqana.
  8769 | D:8      | Reached XP level 10. HP: 46/46 MP: 11/11
  8782 | D:8      | Found a bloodstained altar of Trog.
  8948 | D:8      | Reached skill level 13 in Ranged Weapons
  9473 | D:9      | Found a shadowy altar of Dithmenos.
  9593 | D:9      | Noticed a two-headed ogre
  9597 | D:9      | Killed a two-headed ogre
  9700 | D:9      | Reached skill level 14 in Ranged Weapons
 10349 | D:10     | Entered Level 10 of the Dungeon
 10590 | D:10     | Noticed a two-headed ogre
 10611 | D:10     | Killed a two-headed ogre
 10612 | D:10     | Reached skill level 15 in Ranged Weapons
 10612 | D:10     | Reached XP level 11. HP: 49/49 MP: 12/12
 10912 | D:10     | Found a staircase to the Orcish Mines.
 11078 | D:10     | Found a sparkling altar of Nemelex Xobeh.
 11461 | D:10     | Found a basalt altar of Yredelemnul.
 11785 | D:9      | Became a worshipper of Dithmenos the Shadowed
 11849 | D:11     | Noticed a white ugly thing
 11934 | D:11     | Found a staircase to the Lair.
 12065 | D:11     | Noticed a centaur warrior
 12072 | D:11     | Killed a centaur warrior
 12176 | D:11     | Noticed Maurice
 12181 | D:11     | Noticed a two-headed ogre
 12201 | D:11     | Killed a white ugly thing
 12209 | D:11     | Killed Maurice
 12364 | D:11     | Reached skill level 16 in Ranged Weapons
 12422 | D:11     | Found Effekhed's Magic Scroll Boutique.
 12638 | D:12     | Noticed a white ugly thing
 12664 | D:11     | Killed a two-headed ogre
 12690 | Lair:1   | Entered Level 1 of the Lair of Beasts
 13094 | Lair:1   | Reached skill level 17 in Ranged Weapons
 13169 | Lair:1   | Found a transporter.
 13172 | Lair:1   | Noticed a boulder beetle
 13173 | Lair:1   | Found a transporter.
 13173 | Lair:1   | Noticed a boulder beetle
 13303 | Lair:1   | Identified the amulet "Ashitt" {RegenMP Dex+3}
 13747 | Lair:2   | Reached * piety under Dithmenos
 13851 | Lair:2   | Reached XP level 12. HP: 53/53 MP: 13/13
 14396 | Lair:2   | Found a staircase to the Swamp.
 14884 | Lair:3   | Identified the +0 pair of boots of Dim Light {-Cast Regen+
                  | Str+3 Stlth+}
 14972 | Lair:3   | Found a staircase to the Snake Pit.
 15289 | Lair:3   | Reached skill level 18 in Ranged Weapons
 15502 | Lair:3   | Identified the +1 quarterstaff "Vetal" {holy, rCorr Int+2
                  | Stlth+}
 16011 | Snake:1  | Entered Level 1 of the Snake Pit
 16413 | Lair:4   | Reached ** piety under Dithmenos
 16483 | Lair:4   | Reached skill level 15 in Dodging
 16601 | Lair:4   | Reached XP level 13. HP: 57/57 MP: 14/14
 16940 | Lair:4   | Reached skill level 19 in Ranged Weapons
 17214 | Lair:4   | Reached *** piety under Dithmenos
 17545 | Lair:4   | Found a staircase to the Slime Pits.
 18015 | Lair:5   | Entered Level 5 of the Lair of Beasts
 18838 | Lair:5   | Reached **** piety under Dithmenos
 18884 | Lair:5   | Reached skill level 20 in Ranged Weapons
 19077 | Lair:5   | Identified the +1 leather armour of Midnight {rCorr}
 19481 | Lair:5   | Found a corrupted altar of Lugonu.
 19481 | Lair:5   | Found a one-way gate to the infinite horrors of the Abyss.
 19503 | Lair:5   | Got the Secrets of Indecent Exposure
 19844 | D:12     | Reached XP level 14. HP: 61/61 MP: 15/15
 20115 | D:12     | Reached ***** piety under Dithmenos
 20973 | D:13     | Found a runed translucent gate.
 20973 | D:13     | Found a runed translucent gate.
 20973 | D:13     | Found a runed translucent gate.
 21016 | D:13     | Found a shadowy altar of Dithmenos.
 21088 | D:13     | Found a frozen archway.
 21242 | IceCv    | Entered an ice cave
 21287 | IceCv    | Found a transporter.
 21298 | IceCv    | Found a transporter.
 21312 | IceCv    | Identified the amulet of Egileyt {Faith rN+}
 22118 | D:14     | Noticed Rupert
 22118 | D:14     | Noticed Nessos
 22118 | D:14     | Noticed Kirke
 22118 | D:14     | Found a gate to the Vaults.
 22195 | D:13     | Reached skill level 21 in Ranged Weapons
 22603 | D:13     | Killed Rupert
 22985 | D:14     | Noticed an orc warlord
 23004 | D:14     | HP: 1/61 [Nessos/arrow (5)]
 23005 | D:13     | Succumbed to Nessos's poison

Illustrated notes

Levels and vault maps discovered:
D:1:      lightli_arrival_windingriver, layout_loops_corners,
          nicolae_hexahallways
D:2:      minmay_general_purpose_star, layout_basic, minmay_misc_feat_doors
D:3:      layout_basic, grunt_temple_overflow_forces_of_nature, zin_purify,
          dreamdust_mushroom_princess, uniq_grinder, uniq_terence
D:4:      layout_basic, minmay_temple_entry_water_ring, chequers_jeans
D:5:      layout_basic, uniq_eustachio, uniq_sigmund
D:6:      layout_cave_pools, kennysheep_generic_room_14, uniq_prince_ribbit1
D:7:      layout_rooms, nicolae_overflow_crystal_walls, uniq_duvessa,
          uniq_maggie
D:8:      layout_basic, nicolae_hepliaklqana_hippocampus, lemuel_crystal_altar,
          trog_antimagical, serial_shops, nicolae_shop_overgrown_old_shop
D:9:      layout_loops_ring, nicolae_overflow_hidden_temple,
          hangedman_incinerator
D:10:     layout_layer_cave, lemuel_tele_altar, lemuel_coloured_pillars_altar,
          orc_0_dummy
D:11:     layout_rooms, lair_entry_dummy, serial_shops, kennysheep_little_box,
          uniq_maurice
D:12:     layout_cave_pools
D:13:     layout_layer_cave, ploomutoo_gammafunk_ghost_potion_laboratory,
          portal_ice_cave_entry_ice_simulacra, grunt_dithmenos_smoke
D:14:     orc_temple, layout_long_grid, david_vaults_3,
          kennysheep_big_empty_room, uniq_kirke
Temple:   hellmonk_temple_two_chambers
Lair:1:   gammafunk_boulding_lane, layout_gridlike, small_statue_intersection,
          grunt_megastairs_2
Lair:2:   layout_cave_pods, swamp_mist_pool, nicolae_quartered_pool_super
Lair:3:   layout_gridlike, dummy_snake_entry, special_room [special_room_bee],
          infiniplex_staircase_pool
Lair:4:   layout_gridlike, minmay_slime_entry_oklob_enclosed,
          grunt_megastairs_4, infiniplex_staircase_pool_2, serial_bayou_shore_b
Lair:5:   hellmonk_lair_end_abyssal_woods, layout_hall_layers,
          chequers_serial_rivers_micro_d
Snake:1:  layout_gridlike, st_stairs_13

Skill      XL: |  1  2  3  4  5  6  7  8  9 10 11 12 13 14 |
---------------+-------------------------------------------+-----
Dodging        | 3 4 5 6 7 8 9 10 11 12 15 17 | 17.6
Ranged Weapons | 5 6 8 10 12 15 17 18 20 21 | 21.2
Fighting       | |  1.5
Stealth        | |  1.5

Action                     |  1- 3 |  4- 6 |  7- 9 | 10-12 | 13-15 || total
---------------------------+-------+-------+-------+-------+-------++-------
  Melee: Short sword       |       |     3 |       |       |       ||     3
   Fire: Shortbow          |   142 |   116 |   505 |   771 |   774 ||  2308
 Invoke: Shadow Step       |       |       |       |       |     1 ||     1
  Evoke: Lightning rod     |       |       |       |     1 |       ||     1
    Use: Scroll            |     7 |     1 |    15 |     4 |     5 ||    32
         Potion            |       |     1 |     1 |     2 |     5 ||     9
 Armour: Robe              |     4 |       |    10 |       |       ||    14
         Steam dragon scal |       |       |     4 |    13 |    12 ||    29
  Dodge: Dodged            |    64 |    28 |   282 |   349 |   337 ||  1060

Table legend: (Time is in decaauts)
 A = Elapsed time spent in this place.
 B = Non-inter-level travel time spent in this place.
 C = Inter-level travel time spent in this place.
 D = Time resting spent in this place.
 E = Time spent auto-exploring this place.
 F = Levels seen in this place.
 G = Mean time per level.
                   A        B        C        D        E       F      G
               +--------+--------+--------+--------+--------+-----+--------+
         Total |  16148 |  14708 |   1440 |   1967 |   8333 |  22 |  734.0 |
       Dungeon |  10988 |   9801 |   1187 |   1333 |   5562 |  14 |  784.9 |
        Temple |     26 |     26 |      0 |      0 |      6 |   1 |   26.0 |
          Lair |   4933 |   4681 |    252 |    504 |   2765 |   5 |  986.6 |
     Snake Pit |     18 |     18 |      0 |      0 |      0 |   1 |   18.0 |
      Ice Cave |    181 |    181 |      0 |    130 |      0 |   1 |  181.0 |
               +--------+--------+--------+--------+--------+-----+--------+

Top non-repeatable levels by time:
    D:13: 1481 daAuts
  Lair:4: 1302 daAuts
     D:6: 1280 daAuts
  Lair:5: 1118 daAuts
  Lair:3: 1044 daAuts
    D:10: 975 daAuts
     D:5: 952 daAuts
     D:8: 952 daAuts
     D:7: 943 daAuts
     D:3: 818 daAuts
     D:9: 796 daAuts
  Lair:2: 779 daAuts
     D:1: 747 daAuts
  Lair:1: 688 daAuts
     D:4: 559 daAuts
